AoeStats
← HUSEINMACO

Hideout

510030293Analyzed
1v1 RM · 3d ago on Sep 29, 2026· 25m 32s· 2 players
Game mode
Random Map
Map size
Tiny (2 player)
Population
200
Speed
Normal
Resources
Standard
Victory
Conquest
Starting age
Dark Age
Ending age
Imperial Age
RankedLock teamsTeams togetherTeam positionsShared explorationLock speedFull tech treeHidden civsTurbo modeCheats
Victory
Defeat
🇲🇽 Ethiopians · Mexico
889
+18
🇨🇦 Tupi · Canada
927
-18
The Dullard
9:53 Feudal Age
10:49 Double-Bit Axe
11:34 Horse Collar
14:35 Wheelbarrow
19:04 Loom
21:00 Fletching
21:11 Padded Archer Armor
HUSEINMACO
9:58 Feudal Age
10:47 Double-Bit Axe
13:05 Fletching
18:18 Wheelbarrow
21:51 Castle Age
21:00 Padded Archer Armor
20:42 Horse Collar
21:21 Gold Mining
22:11 Scale Barding Armor
22:03 Crossbowman
22:56 Bow Saw
23:10 Bodkin Arrow
24:28 Leather Archer Armor
Connection lost

Rejoining the realm…

Still unreachable

The connection could not be restored.

Session expired

The server has moved on; the page needs a fresh start.